 Dungeon Crawl Stone Soup version 0.29.1-1-gd02db6906a (webtiles) character file.

Game seed: 15895821038849067622

10863 hawla the Thaumaturge (level 11, -1/57 HPs)
             Began as a Deep Elf Fire Elementalist on Sept 26, 2022.
             Was an Elder of Vehumet.
             Slain by a manticore (7 damage)
             ... on level 11 of the Dungeon.
             The game lasted 00:38:22 (13644 turns).

hawla the Thaumaturge (Deep Elf Fire Elementalist) Turns: 13644, Time: 00:38:23

Health: -1/57      AC:  9    Str:  5    XL:     11   Next: 41%
Magic:  30/30      EV: 14    Int: 29    God:    Vehumet [****..]
Gold:   563        SH:  0    Dex: 15    Spells: 19/37 levels left

rFire   + . .      SeeInvis .   q - +1 quarterstaff (chaos)
rCold   x . .      Faith    .   (shield currently unavailable)
rNeg    + . .      Spirit   .   k - +2 robe "Deake" {Int+4}
rPois   .          Reflect  .   i - +0 helmet
rElec   .          Harm     .   C - +1 cloak
rCorr   .          Rampage  .   l - +0 pair of gloves
Will    +....                   w - +0 pair of boots
Stlth   +++.......              (no amulet)
HPRegen 0.19/turn               d - ring of fire
MPRegen 0.22/turn               f - ring of positive energy

@: no status effects
A: no striking features
a: Renounce Religion


You were on level 11 of the Dungeon.
You worshipped Vehumet.
Vehumet was greatly pleased with you.
You visited 2 branches of the dungeon, and saw 12 of its levels.
You also visited: Sewer.

You collected 563 gold pieces.

Inventory:

Hand Weapons
 q - a +1 quarterstaff of chaos (weapon)
Missiles
 g - 4 curare-tipped darts (quivered)
 t - 25 poisoned darts
Armour
 i - a +0 helmet (worn)
 k - the +2 robe "Deake" (worn) {Int+4}
   (You found it on level 6 of the Dungeon)

   Int:       It affects your intelligence (+4).
 l - a +0 pair of gloves (worn)
 w - a +0 pair of boots (worn)
 C - a +1 cloak (worn)
Magical Staves
 v - a staff of air
Jewellery
 d - a ring of fire (left hand)
 f - a ring of positive energy (right hand)
 r - a ring of see invisible
 u - a +4 ring of protection
Wands
 a - a wand of flame (54)
 j - a wand of quicksilver (9)
 x - a wand of roots (10)
 B - a wand of charming (4)
Scrolls
 p - 2 scrolls of teleportation
 y - a scroll of fear
 z - a scroll of fog
 A - 3 scrolls of brand weapon
Potions
 b - 2 potions of flight {unknown}
 c - 4 potions of curing
 e - 3 potions of ambrosia
 h - a potion of resistance
 m - a potion of haste
 o - 3 potions of might {unknown}
 s - 2 potions of heal wounds {unknown}


   Skills:
 + Level 1.7 Fighting
 + Level 5.3 Dodging
 + Level 4.7 Stealth
 + Level 13.5 Spellcasting
 + Level 7.1 Conjurations
 + Level 7.2 Necromancy
 + Level 12.0 Fire Magic
 + Level 1.1 Poison Magic


You had 19 spell levels left.
You knew the following spells:

 Your Spells              Type           Power      Damage    Failure   Level
a - Foxfire               Conj/Fire      100%       2x1d9     1%          1
b - Scorch                Fire           100%       2d10      1%          2
c - Flame Wave            Conj/Fire      85%        2d18      1%          4
d - Dispel Undead         Necr           58%        3d21      1%          4
e - Olgreb's Toxic Radia  Pois           26%        N/A       4%          4
f - Ignite Poison         Fire/Tmut/Pois 61%        N/A       1%          3

Your spell library contained the following spells:

 Spells                   Type           Power      Damage    Failure   Level
 Necrotise                Necr           100%       1d9       1%          1
 Sandblast                Erth           38%        2d10      1%          1
 Static Discharge         Conj/Air       40%        3-8/arc   1%          2
 Conjure Flame            Conj/Fire      85%        6-21      1%          3
 Inner Flame              Hex/Fire       70%        N/A       1%          3
 Mephitic Cloud           Conj/Pois/Air  35%        N/A       1%          3
 Stone Arrow              Conj/Erth      80%        3d12      1%          3
 Vampiric Draining        Necr           58%        2d10      1%          3
 Animate Dead             Necr           58%        N/A       1%          4
 Sticky Flame             Conj/Fire      85%        2d10      1%          4
 Beastly Appendage        Tmut           38%        N/A       2%          1
 Agony                    Necr           58%        N/A       3%          5
 Passwall                 Tmut/Erth      15%        N/A       4%          2
 Wereblood                Tmut           19%        N/A       4%          2
 Lightning Bolt           Conj/Air       20%        1d35      4%          5
 Spider Form              Tmut/Pois      22%        N/A       6%          3
 Airstrike                Air            9%         2d(2-18)  7%          4
 Portal Projectile        Hex/Tloc       38%        N/A       8%          3
 Tukima's Dance           Hex            19%        N/A       8%          3
 Borgnjor's Vile Clutch   Necr/Erth      20%        N/A       16%         5
 Summon Lightning Spire   Summ/Air       19%        N/A       26%         4
 Ignition                 Fire           47%        3d13      30%         8
 Alistair's Intoxication  Tmut/Pois      14%        N/A       50%         5
 Blade Hands              Tmut           9%         N/A       58%         5


Dungeon Overview and Level Annotations

Branches:
Dungeon (11/15)            Temple (1/1) D:4            Lair (0/5) D:8
    Orc (0/2) D:11          Sewer (visited)

Altars:
Ashenzari
Cheibriados
Dithmenos
Elyvilon
Fedhas
Gozag
Hepliaklqana
Kikubaaqudgha
Makhleb
Nemelex Xobeh
Okawaru
Qazlal
Ru
Sif Muna
Trog
Uskayaw
Vehumet
Wu Jian
Xom
Yredelemnul
Zin
The Shining One

Shops:
D:3 *   D:10 (

Annotations:
D:6 2 runed translucent doors, Braxton's ghost, amateur DrCj
D:10 1 runed translucent door, CougarLife's ghost, novice TrFi


Message History

The manticore misses you.
The manticore bites you but does no damage.
The manticore claws you.
The manticore claws you but does no damage.
Casting: Scorch (safe; 1% risk of failure)
Confirm with . or Enter, or press ? or * to list all spells.
You feel a surge of power!
Flames lash the manticore but do no damage.
The manticore bites you!
* * * LOW HITPOINT WARNING * * *
The manticore closely misses you. The manticore claws you!
* * * LOW HITPOINT WARNING * * *
You feel better. The manticore completely misses you.
The manticore claws you but does no damage.
The manticore closely misses you.
You are confused.
You feel invigorated. The manticore closely misses you. x3
You bump into the rock wall.
The manticore bites you.
The manticore claws you but does no damage.
The manticore misses you.
You bump into the rock wall.
The manticore completely misses you. The manticore claws you!
* * * LOW HITPOINT WARNING * * *
The manticore claws you.
* * * LOW HITPOINT WARNING * * *
You closely miss the manticore.
The manticore is heavily wounded.
The manticore bites you.
* * * LOW HITPOINT WARNING * * *
The manticore claws you.
* * * LOW HITPOINT WARNING * * *
The manticore closely misses you.
You feel better.
You feel less invigorated.
The manticore is no longer more vulnerable to fire.
The manticore bites you!
* * * LOW HITPOINT WARNING * * *
The manticore claws you.
* * * LOW HITPOINT WARNING * * *
The manticore claws you!
You die...

#.###.......# #
#.#.####..#
#.#....#...
#######...........
####..............##.
#.....)###...........
#.####.###.#..#######
#....#.#.#......#
#.##.#.#.@H......
#.##.#.#.#.####.#
#.##...#.#.....
#............#
########.##..#
#........ #####....
####


You could see a manticore.

Vanquished Creatures
  Pikel (D:8)
  Maurice (D:10)
  A komodo dragon (D:8)
  3 trolls
  A queen bee (D:10)
  Prince Ribbit (D:5)
  A hornet (D:8)
  20 yaks
  A wyvern (D:9)
  2 wraiths
  Eustachio (D:4)
  Duvessa (D:6)
  2 water moccasins (D:5)
  2 ice beasts
  3 orc warriors (D:9)
  A black bear (D:5)
  A sky beast (D:6)
  6 centaurs
  4 lemures (D:8)
  4 kobold brigands
  4 bullfrogs
  2 gnoll sergeants
  4 scorpions
  Dowan (D:6)
  34 killer bees
  3 howler monkeys
  6 hounds
  2 orc priests (D:9)
  6 jellies
  Ijyb (D:3)
  4 iguanas
  5 orc wizards
  16 gnolls
  11 adders
  2 river rats (Sewer)
  A shadow imp (D:7)
  3 white imps
  2 ufetubi (D:6)
  2 worms
  A dart slug (D:3)
  23 orcs
  5 endoplasms
  4 giant cockroaches
  4 goblins
  9 hobgoblins
  5 jackals
  7 quokkas
  13 ball pythons
  10 bats
  8 frilled lizards
  21 kobolds
  32 rats
308 creatures vanquished.

Vanquished Creatures (others)
  333 foxfires
  5 plants (D:8)
338 creatures vanquished.

Grand Total: 646 creatures vanquished

Notes
Turn   | Place    | Note
-------+----------+-------------------------------------------
     0 | D:1      | hawla the Deep Elf Fire Elementalist began the quest for
                  | the Orb.
     0 | D:1      | Reached XP level 1. HP: 10/10 MP: 6/6
   391 | D:1      | Reached XP level 2. HP: 15/15 MP: 6/8
   394 | D:1      | Learned a level 2 spell: Scorch
  1278 | D:2      | Reached XP level 3. HP: 19/19 MP: 0/9
  1345 | D:2      | Reached skill level 4 in Spellcasting
  1348 | D:2      | Reached XP level 4. HP: 13/24 MP: 7/12
  1353 | D:2      | Learned a level 4 spell: Flame Wave
  1878 | D:2      | Reached skill level 5 in Fire Magic
  2027 | D:2      | Found a faded altar of an unknown god.
  2344 | D:2      | Got the Vellum of Hadjma
  2491 | D:3      | Reached XP level 5. HP: 28/28 MP: 11/13
  2731 | D:3      | Found a faded altar of an unknown god.
  2733 | D:3      | Found a faded altar of an unknown god.
  2733 | D:3      | Found a hazy altar of Hepliaklqana.
  2851 | D:3      | Noticed Ijyb
  2859 | D:3      | Killed Ijyb
  3176 | D:3      | Found Ycsogga Peb's Assorted Antiques.
  4004 | D:4      | Found a staircase to the Ecumenical Temple.
  4004 | D:4      | Noticed Eustachio
  4010 | Temple   | Entered the Ecumenical Temple
  4253 | D:4      | Reached XP level 6. HP: 10/32 MP: 5/14
  4253 | D:4      | Killed Eustachio
  4492 | D:4      | Found a glowing drain.
  4499 | Sewer    | Entered a sewer
  5502 | D:4      | Learned a level 4 spell: Dispel Undead
  5525 | D:5      | Entered Level 5 of the Dungeon
  5532 | D:5      | Reached XP level 7. HP: 36/36 MP: 9/15
  5821 | D:5      | Found a radiant altar of Vehumet.
  5829 | D:5      | Became a worshipper of Vehumet
  5879 | D:5      | Found a stormy altar of Qazlal.
  6092 | D:5      | Reached skill level 5 in Necromancy
  6159 | D:5      | Reached XP level 8. HP: 33/41 MP: 6/16
  6238 | D:5      | Noticed Prince Ribbit
  6519 | D:5      | Reached skill level 5 in Spellcasting
  6702 | D:5      | Found a sacrificial altar of Ru.
  6702 | D:5      | Found an ornate altar of the Wu Jian Council.
  6736 | D:5      | Killed Prince Ribbit
  7220 | D:6      | Reached skill level 6 in Spellcasting
  7393 | D:6      | Identified the +2 robe "Deake" {Int+4}
  7506 | D:6      | Identified the +0 longbow "Canyoxt" {speed, Str+6}
  7689 | D:6      | Reached * piety under Vehumet
  7689 | D:6      | Offered knowledge of Magic Dart by Vehumet.
  7765 | D:6      | Noticed Duvessa
  7768 | D:6      | Noticed Dowan
  7772 | D:6      | Killed Duvessa
  7773 | D:6      | Reached skill level 7 in Spellcasting
  7775 | D:6      | Killed Dowan
  7902 | D:6      | Reached XP level 9. HP: 39/46 MP: 11/21
  8052 | D:6      | Found a large runed translucent door.
  8053 | D:6      | Found a large runed translucent door.
  8055 | D:6      | Noticed Braxton's ghost (amateur DrCj)
  8074 | D:6      | Found a shimmering blue altar of Sif Muna.
  8401 | D:7      | Reached skill level 5 in Conjurations
  8605 | D:7      | Identified the +12 broad axe of the Apocalypse {drain,
                  | +Blink rElec rN+++ Int-2}
  8612 | D:7      | Reached skill level 8 in Spellcasting
  9000 | D:7      | Offered knowledge of Shock by Vehumet.
  9052 | D:7      | Reached ** piety under Vehumet
  9057 | D:7      | Reached skill level 9 in Spellcasting
  9198 | D:7      | Reached skill level 1 in Fighting
  9696 | D:8      | Reached skill level 10 in Spellcasting
  9818 | D:8      | Reached XP level 10. HP: 52/52 MP: 20/26
  9981 | D:8      | Offered knowledge of Poisonous Vapours by Vehumet.
 10099 | D:8      | Noticed Pikel
 10101 | D:8      | Found a staircase to the Lair.
 10108 | D:8      | Killed Pikel
 10109 | D:8      | Reached skill level 10 in Fire Magic
 10115 | D:8      | Reached skill level 11 in Spellcasting
 11493 | D:9      | Reached *** piety under Vehumet
 11579 | D:9      | Reached skill level 12 in Spellcasting
 11708 | D:9      | Offered knowledge of Olgreb's Toxic Radiance by Vehumet.
 11720 | D:9      | Learned a level 4 spell: Olgreb's Toxic Radiance
 11913 | D:9      | Found a white marble altar of Elyvilon.
 12163 | D:10     | Entered Level 10 of the Dungeon
 12167 | D:10     | Reached skill level 5 in Dodging
 12167 | D:10     | Reached XP level 11. HP: 56/56 MP: 23/29
 12350 | D:10     | Found Rug Jev's Antique Weapon Boutique.
 12373 | D:10     | Reached **** piety under Vehumet
 12376 | D:10     | Reached skill level 13 in Spellcasting
 12391 | D:10     | Offered knowledge of Ignite Poison by Vehumet.
 12401 | D:10     | Learned a level 3 spell: Ignite Poison
 12404 | D:10     | Reached skill level 1 in Poison Magic
 12620 | D:10     | Noticed Maurice
 12635 | D:10     | Killed Maurice
 13247 | D:10     | Found a runed translucent door.
 13308 | D:10     | Got the Lessons on Vapour and Death
 13515 | D:10     | Noticed CougarLife's ghost (novice TrFi)
 13592 | D:11     | Found a staircase to the Orcish Mines.
 13644 | D:11     | Slain by a manticore

Illustrated notes

Levels and vault maps discovered:
D:1:      dpeg_arrival_round_c, layout_loops_ring, serial_forest,
          infiniplex_forest_corner_1, infiniplex_forest_lined_corner,
          infiniplex_forest_lined_room_3, infiniplex_forest_clump_long,
          infiniplex_forest_straight_4, infiniplex_forest_lined_room_,
          infiniplex_forest_lined_3
D:2:      layout_basic, chequers_ecumenical_altar_grove,
          minmay_misc_feat_nine_boxes, minmay_pentomino_o2
D:3:      layout_basic, nicolae_hepliaklqana_ecumenical_no_more, serial_shops,
          nicolae_shop_overgrown_old_shop, minmay_rat_hole, uniq_ijyb
D:4:      layout_gridville, minmay_temple_entry_arrows,
          cheibrodos_sewer_entry_sluice, minmay_misc_feat_five, uniq_eustachio
D:5:      layout_basic, gammafunk_temple_overflow_elements,
          mainiacjoe_overflow_catch_the_wave, skrybe_limestone_x,
          minmay_manual_mail, uniq_prince_ribbit1
D:6:      layout_cave_pools, mainiacjoe_overflow_boulevard,
          ebering_ghost_disaster_area, uniq_duvessa
D:7:      layout_loops_ring
D:8:      layout_basic, david_lair_shrubbed, uniq_pikel
D:9:      layout_long_grid, marbit_many_paths, kennysheep_generic_room_3
D:10:     layout_basic, serial_shops, shop_fountains, enter_bailey_2,
          ebering_ghost_reflecting_pool, minivault_7, uniq_maurice
D:11:     layout_basic, orc_0_dummy
Temple:   minmay_freezing_vapour_temple

Skill      XL: |  1  2  3  4  5  6  7  8  9 10 11 |
---------------+----------------------------------+-----
Fire Magic     | 4 5 6 7 8 9 11 12 | 12.0
Dodging        | 3 4 5 |  5.3
Spellcasting   | 4 7 10 12 13 | 13.5
Conjurations   | 2 3 4 5 6 7 |  7.1
Necromancy     | 2 7 |  7.2
Stealth        | 3 4 |  4.7
Fighting       | 1 |  1.7
Poison Magic   | 1 |  1.1

Action                   |  1- 3 |  4- 6 |  7- 9 | 10-12 || total
-------------------------+-------+-------+-------+-------++-------
Melee: Unarmed           |    14 |    32 |    33 |    12 ||    91
       Punch             |       |     1 |     1 |       ||     2
       Quarterstaff      |       |       |       |     9 ||     9
 Cast: Foxfire           |    31 |    71 |    75 |    25 ||   202
       Scorch            |     7 |    47 |    57 |    39 ||   150
       Flame Wave        |       |     4 |    16 |    27 ||    47
       Olgreb's Toxic Ra |       |       |       |     7 ||     7
       Dispel Undead     |       |       |       |     3 ||     3
       Ignite Poison     |       |       |       |     4 ||     4
  Use: Scroll            |     4 |     4 |     8 |     9 ||    25
       Potion            |     1 |       |     1 |     3 ||     5
 Stab: Sleeping          |     1 |     1 |     1 |     1 ||     4
Armor: Robe              |     9 |    12 |    41 |    38 ||   100
Dodge: Dodged            |    26 |    46 |    84 |   107 ||   263
